 Dungeon Crawl Stone Soup version 0.27-a0-1502-g47ed6a6988 (webtiles) character file.

Game seed: 16546756227377597816

598314 spiderkeys the Impaler (level 27, -12/176 HPs)
             Began as a Tengu Abyssal Knight on July 7, 2021.
             Was the Champion of Lugonu.
             Mangled by a vampire knight (38 damage)
             ... while paralysed by a vampire knight
             ... on level 3 of the Crypt on July 9, 2021.
             The game lasted 03:04:54 (92840 turns).

spiderkeys the Impaler (Tengu Abyssal Knight)      Turns: 92840, Time: 03:04:55

Health: -12/176    AC: 34    Str: 27    XL:     27
Magic:  47/47      EV:  2    Int: 15    God:    Lugonu [******]
Gold:   2908       SH:  0    Dex: 21    Spells: 27/46 levels left

rFire    + + +     SeeInvis .   l - +5 demon trident (distort)
rCold    + . .     Faith    .   O - +4 kite shield {reflect}
rNeg     . . .     Spirit   .   s - +5 scale mail of Zeyqopefone {Drain MP+9 Str+5 Stlth+}
rPois    +         Reflect  +   C - +3 hat "Wahin" {-Cast rElec Dex+7}
rElec    +         Harm     .   R - +2 cloak {Stlth+}
rCorr    +         Rampage  .   J - +2 pair of gloves
Will     ++...     NoCast   +   (boots unavailable)
Stlth    +++++.....             m - amulet "Asajuere" {Reflect rElec rPois Int+6 Dex-2 SH+5}
HPRegen  1.39/turn              r - ring of Ciss {rF+++ rC+ rCorr Int-3}
MPRegen  0.30/turn              y - ring of the Tortoise {AC+8}

@: paralysed, flying quickly and evasively, quick
A: beak, talons 3, nimble flight, dopey 1, fire resistance 1, regeneration 1,
screaming 1
}: 4/15 runes: decaying, slimy, abyssal, gossamer
a: Renounce Religion, Depart the Abyss, Bend Space, Banish, Corrupt, Enter the
Abyss


You were on level 3 of the Crypt.
You worshipped Lugonu.
Lugonu was exalted by your worship.
You visited 10 branches of the dungeon, and saw 51 of its levels.
You visited the Abyss 4 times.
You also visited: Volcano and Wizlab.

You collected 9516 gold pieces.
You spent 6608 gold pieces at shops.


Innate Abilities, Weirdness & Mutations

You have a beak for a mouth.
You have claws for feet.
Your magical nature lets you fly swiftly and evasively.
You are dopey. (Int -2)
Your flesh is heat resistant. (rF+)
Your natural rate of healing is unusually fast.
You occasionally shout uncontrollably at your foes.


   Skills:
 + Level 19.0 Fighting
 + Level 20.3 Polearms
 * Level 11.3 Slings
 - Level 18.4 Armour
 + Level 17.5 Dodging
 - Level 10.0 Stealth
 - Level 15.0 Shields
 - Level 10.2 Spellcasting
 - Level 15.3 Necromancy
 - Level 16.4 Invocations


You had 27 spell levels left.
You knew the following spells:

 Your Spells              Type           Power      Damage    Failure   Level
a - Animate Skeleton      Necr           100%       N/A       1%          1
d - Death Channel         Necr           26%        N/A       4%          6
e - Necromutation         Tmut/Necr      15%        N/A       100%        8
n - Dispel Undead         Necr           52%        3d19      1%          4

Your spell library contained the following spells:

 Spells                   Type           Power      Damage    Failure   Level
 Pain                     Necr           100%       1d9       1%          1
 Corpse Rot               Necr/Air       N/A        N/A       1%          2
 Vampiric Draining        Necr           26%        2d9       1%          3
 Agony                    Necr           52%        N/A       1%          5
 Apportation              Tloc           14%        N/A       16%         1
 Beastly Appendage        Tmut           14%        N/A       16%         1
 Corona                   Hex            7%         N/A       16%         1
 Freeze                   Ice            28%        1d5       16%         1
 Borgnjor's Vile Clutch   Necr/Erth      15%        N/A       19%         5
 Ensorcelled Hibernation  Hex/Ice        14%        N/A       24%         2
 Passwall                 Tmut/Erth      5%         N/A       24%         2
 Poisonous Vapours        Pois/Air       14%        N/A       24%         2
 Slow                     Hex            7%         N/A       24%         2
 Static Discharge         Conj/Air       7%         N/A       24%         2
 Wereblood                Tmut           7%         N/A       24%         2
 Call Canine Familiar     Summ           7%         N/A       43%         3
 Confusing Touch          Hex            7%         N/A       43%         3
 Dazzling Flash           Conj/Hex       14%        N/A       43%         3
 Frozen Ramparts          Ice            14%        1d3       43%         3
 Gell's Gravitas          Tloc           3%         N/A       43%         3
 Inner Flame              Hex/Fire       7%         N/A       43%         3
 Mephitic Cloud           Conj/Pois/Air  7%         N/A       43%         3
 Portal Projectile        Hex/Tloc       14%        N/A       43%         3
 Spider Form              Tmut/Pois      3%         N/A       43%         3
 Stone Arrow              Conj/Erth      14%        3d7       43%         3
 Swiftness                Air            7%         N/A       43%         3
 Teleport Other           Tloc           7%         N/A       43%         3
 Tukima's Dance           Hex            7%         N/A       43%         3
 Simulacrum               Ice/Necr       15%        N/A       71%         6
 Airstrike                Air            3%         N/A       83%         4
 Cause Fear               Hex            3%         N/A       83%         4
 Hailstorm                Conj/Ice       7%         3d4       83%         4
 Ice Form                 Ice/Tmut       7%         N/A       83%         4
 Leda's Liquefaction      Hex/Erth       3%         N/A       83%         4
 Olgreb's Toxic Radiance  Pois           7%         N/A       83%         4
 Petrify                  Tmut/Erth      7%         N/A       83%         4
 Sticky Flame             Conj/Fire      7%         2d3       83%         4
 Summon Lightning Spire   Summ/Air       7%         N/A       83%         4
 Borgnjor's Revivificati  Necr           26%        N/A       88%         8
 Alistair's Intoxication  Tmut/Pois      4%         N/A       99%         5
 Bolt of Magma            Conj/Fire/Erth 3%         4d5       99%         5
 Fireball                 Conj/Fire      3%         3d4       99%         5
 Freezing Cloud           Conj/Ice/Air   3%         6-21      99%         5
 Iskenderun's Battlesphe  Conj           7%         2d6       99%         5
 Lightning Bolt           Conj/Air       3%         1d15      99%         5
 Metabolic Englaciation   Hex/Ice        3%         N/A       99%         5
 Silence                  Hex/Air        3%         N/A       99%         5
 Summon Forest            Summ/Tloc      3%         N/A       99%         5
 Summon Mana Viper        Hex/Summ       7%         N/A       99%         5
 Yara's Violent Unravell  Hex/Tmut       3%         3d4       99%         5
 Conjure Ball Lightning   Conj/Air       3%         3x3d6     100%        6
 Dispersal                Tloc           3%         N/A       100%        6
 Eringya's Noxious Bog    Tmut/Pois      3%         N/A       100%        6
 Invisibility             Hex            3%         N/A       100%        6
 Iron Shot                Conj/Erth      3%         9d2       100%        6
 Shadow Creatures         Summ           N/A        N/A       100%        6
 Starburst                Conj/Fire      3%         8x6d3     100%        6
 Statue Form              Tmut/Erth      4%         N/A       100%        6
 Malign Gateway           Summ/Tloc      3%         N/A       100%        7
 Ozocubu's Refrigeration  Ice            3%         4d5       100%        7
 Spellforged Servitor     Conj/Summ      3%         N/A       100%        7
 Summon Hydra             Summ           3%         N/A       100%        7
 Discord                  Hex            3%         N/A       100%        8
 Disjunction              Tloc           3%         N/A       100%        8
 Ignition                 Fire           3%         3d4       100%        8
 Maxwell's Capacitive Co  Air            3%         ∞         100%        8
 Summon Horrible Things   Summ           3%         N/A       100%        8
 Death's Door             Necr           26%        N/A       100%        9

Inventory:

Hand Weapons
 c - a +5 demon trident of electrocution
   (You acquired it on level 5 of the Pits of Slime)
 l - a +5 demon trident of distortion (weapon)
   (You bought it in a shop on level 5 of the Dungeon)
 q - the +3 sling "Punk" {acid, rCorr}
   (You found it on level 5 of the Pits of Slime)

   rCorr:     It protects you from acid and corrosion.
Missiles
 h - 201 poisoned darts
 t - 323 sling bullets
 u - 11 silver javelins
 L - 29 curare-tipped darts {=f}
Armour
 s - the +5 scale mail of Zeyqopefone (worn) {Drain MP+9 Str+5 Stlth+}
   (You bought it in a shop on level 2 of the Orcish Mines)

   Str:       It affects your strength (+5).
   MP:        It affects your magic capacity (+9).
   Drain:     It drains your maximum health when unequipped.
   Stlth:     It makes you more stealthy.
 C - the +3 hat "Wahin" (worn) {-Cast rElec Dex+7}
   (You found it on level 1 of the Spider Nest)

   Dex:       It affects your dexterity (+7).
   rElec:     It insulates you from electricity.
   -Cast:     It prevents spellcasting.
 J - a +2 pair of gloves (worn)
   (You found it on level 7 of the Dungeon)
 O - a +4 kite shield of reflection (worn)
   (You took it off Donald on level 4 of the Swamp)
 R - a +2 cloak of stealth (worn)
   (You took it off Nikola on level 4 of the Swamp)
Jewellery
 m - the amulet "Asajuere" (around neck) {Reflect rElec rPois Int+6 Dex-2 SH+5}
   (You bought it in a shop on level 3 of the Dungeon)

   [amulet of reflection]

   It reflects blocked missile attacks.
   Int:       It affects your intelligence (+6).
   Dex:       It affects your dexterity (-2).
   rElec:     It insulates you from electricity.
   rPois:     It protects you from poison.
   SH:        It affects your SH (+5).
 r - the ring of Ciss (left hand) {rF+++ rC+ rCorr Int-3}
   (You bought it in a shop on level 6 of the Dungeon)

   [ring of resist corrosion]

   Int:       It affects your intelligence (-3).
   rF:        It renders you almost immune to fire.
   rC:        It protects you from cold.
   rCorr:     It protects you from acid and corrosion.
 v - a ring of see invisible
   (You found it on level 5 of the Lair of Beasts)
 y - the ring of the Tortoise (right hand) {AC+8}
   (You bought it in a shop on level 6 of the Dungeon)

   [ring of protection]

   AC:        It affects your AC (+8).
 A - the ring "Noamyggi" {Wiz Will+}
   (You found it on level 4 of the Lair of Beasts)

   [ring of wizardry]

   It improves your spell success rate.
   Will:      It increases your willpower.
 E - the ring "Dyuna" {rC+ Str+5 Int+3 Dex-3}
   (You acquired it on level 4 of the Lair of Beasts)

   [ring of protection from cold]

   Str:       It affects your strength (+5).
   Int:       It affects your intelligence (+3).
   Dex:       It affects your dexterity (-3).
   rC:        It protects you from cold.
 F - a ring of protection from fire
   (You found it on level 3 of the Crypt)
Wands
 e - a wand of acid (89)
   (You found it on level 1 of the Lair of Beasts)
 g - a wand of paralysis (12)
   (You found it on level 3 of the Crypt)
 H - a wand of iceblast (69)
   (You found it on level 6 of the Dungeon)
 Y - a wand of mindburst (16)
   (You found it on level 5 of the Lair of Beasts)
Scrolls
 d - 3 scrolls of amnesia
 i - 7 scrolls of fear
 k - 17 scrolls of teleportation {@r4}
 p - 4 scrolls of magic mapping {!r}
 x - 7 scrolls of vulnerability {!r!r}
 B - 5 scrolls of torment {!r}
 I - 4 scrolls of holy word
 M - 10 scrolls of immolation {!r!r}
 Q - 6 scrolls of fog
 T - 3 scrolls of silence {!r}
 X - 2 scrolls of blinking {!r}
Potions
 a - 7 potions of lignification {!q}
 b - 9 potions of haste {@q3}
 f - a potion of berserk rage {!q}
 j - 24 potions of curing {@q1}
 n - 7 potions of brilliance
 o - 6 potions of magic
 w - 12 potions of attraction {!q}
 G - 8 potions of invisibility
 K - 6 potions of heal wounds {@q2}
 N - 2 potions of cancellation
 S - 4 potions of resistance
 U - 6 potions of ambrosia
 Z - 7 potions of might
Miscellaneous
 z - a phial of floods
   (You found it on level 2 of the Depths)
 D - a condenser vane
   (You found it on level 4 of the Spider Nest)
 P - a tin of tremorstones (2/2)
   (You found it on level 3 of the Elven Halls)
 V - a box of beasts
   (You found it on level 9 of the Dungeon)
 W - a phantom mirror
   (You found it on level 3 of the Depths)

Dungeon Overview and Level Annotations

Branches:
Dungeon (15/15)            Temple (0/1) D:6            Lair (6/6) D:11
  Swamp (4/4) Lair:2       Spider (4/4) Lair:3        Slime (5/5) Lair:5
    Orc (2/2) D:12            Elf (3/3) Orc:2        Vaults (4/5) D:14
  Crypt (3/3) Vaults:3     Depths (5/5) D:15            Zot (0/5) Depths:5
Volcano (visited)          WizLab (visited)
   Tomb: Crypt:3

Altars:
Ashenzari
Cheibriados
Dithmenos
Elyvilon
Fedhas
Hepliaklqana
Kikubaaqudgha
Makhleb
Okawaru
Ru
Sif Muna
Trog
Uskayaw
Vehumet
Wu Jian
Yredelemnul
Zin
The Shining One
Jiyva

Shops:
D:2 [   D:3 [=   D:5 *   D:6 =   D:9 [   Orc:2 ([*=   Elf:1 (   Elf:2 !*
Elf:3 [   Vaults:1 *:[[!   Vaults:4 (   Depths:1 :   Depths:4 ::=

Portals:
Hell: Depths:1 Depths:2 Depths:3 Depths:4 Depths:5
Abyss: Depths:2 Depths:3 Depths:4 Depths:5
Pandemonium: Depths:3 Depths:4
Ziggurat: Depths:5

Annotations:
Slime:5 corrupted, Royal Jelly
Crypt:3 Mara
Abyss:1 Bocughoh's ghost, adept HaHu; Frances; Myl Vuom's ghost, journeyman MiFi; Quebbil's ghost, journeyman GrFi; apoch's ghost, adept HOFi

...................))............
####.##.8.........8.#............
#.##.............#....)"......
#.##.8.........8.########.....
#.##.............# ##....
#.##.8.........8.# #....
#.##.........)[..# ##....
#.##.8.8.....8.8.# ####.....
#.........@...# ..........
#####....Z##### ..........
#...#...).#...# ...........
#.............# ########'''
....8.....8...# ....
.......)......+ V....
....8.....8...# .....
.......[......# ##....
....8.....8...#


You could see a yaktaur skeleton.


Message History

You can move again.
You hit the jiangshi.
Space bends around the jiangshi.
You claw the jiangshi. Something hits you but does no damage.
Something bites you but does no damage. The jiangshi claws you!
The jiangshi draws strength from your injuries!
The jiangshi completely misses you. 😮 HP[-43]
You take 43 damage, and now have 92/176 hp.
MASSIVE DAMAGE!! (PAUSE)
You hit the jiangshi but do no damage.
You claw the jiangshi, but do no damage.
Something draws life force from you!
* * * LOW HITPOINT WARNING * * *
The jiangshi barely misses you.
You block the jiangshi's attack. 😨 HP[-13]
You take 13 damage, and now have 79/176 hp.
You impale the jiangshi!!
Space bends around the jiangshi.
You destroy the jiangshi!
Lugonu accepts your kill. Something closely misses you.
You block something's attack. 😨 HP[+1]
You puncture something!
Space bends around something.
You claw something. Your peck misses something.
You block the vampire knight's attack.
The vampire knight completely misses you.
Something hits you but does no damage. You block something's attack.
You hit something but do no damage.
Space warps horribly around something!
You claw something. You block the vampire knight's attack.
The vampire knight bites you but does no damage.
A yaktaur skeleton comes into view.
Something draws life force from you!!
* * * LOW HITPOINT WARNING * * *
😨 HP[-21]
You take 21 damage, and now have 59/176 hp.
You closely miss something. You claw something. You peck something.
The vampire knight drinks a potion.
The vampire knight seems to grow stronger.
You hear some strange, mumbled words.
Something tries to affect you, but you resist. 😨 HP[+1]
You impale something!! Your kick misses something. You peck something.
You block the vampire knight's attack. x2 😨 HP[+1]
You hit something.
Space warps horribly around something!
Lugonu accepts your kill.
Reactivating autopickup.
You feel a bit more experienced.
The vampire knight gestures at you while chanting.
You resist with almost no effort. 😨 HP[+1]
Things that are here:
a +0 great mace; a +0 chain mail; 😨 HP[+1]
You hit the vampire knight but do no damage.
You claw the vampire knight, but do no damage.
You peck the vampire knight, but do no damage.
The vampire knight blinks!
The vampire knight casts a spell.
The vampire knight flickers and vanishes!
Deactivating autopickup; reactivate with Ctrl-A. 😨 HP[+1] 😨 HP[+1] 😨 HP[+1]
Something hits you but does no damage.
Something completely misses you. 😨 HP[+2]
You regained 2 hp, and now have 68/176 hp. 😨 HP[+1]
Something barely misses you. You block something's attack. 😨 HP[+1]
You block something's attack.
Something barely misses you. 😨 HP[+1] 😨 HP[+2]
You regained 2 hp, and now have 73/176 hp.
You puncture something!
Space bends around something.
You claw something. Something hits you!!
* * * LOW HITPOINT WARNING * * *
You block something's attack. 😨 HP[-20]
You take 20 damage, and now have 53/176 hp.
You hit something. You claw something. You peck something. 😨 HP[+1]
Something hits you!!
* * * LOW HITPOINT WARNING * * *
Something bites you but does no damage. 😱 HP[-33]
You take 33 damage, and now have 21/176 hp.
Unknown command.
You feel much better. Something hits you but does no damage.
Something bites you!
* * * LOW HITPOINT WARNING * * *
Something draws strength from your injuries! 😱 HP[+23]
You regained 23 hp, and now have 44/176 hp.
You feel much better.
You hear some strange, mumbled words.
You suddenly lose the ability to move!
The yaktaur skeleton hits you but does no damage.
Something hits you!!!
* * * LOW HITPOINT WARNING * * *
Something completely misses you. Something hits you!!!
You die...

Skill      XL: |  1  2  3  4  5  6  7  8  9 10 11 12 13 14 15 16 17 18 19 20 21 22 23 24 25 26 27 |
---------------+----------------------------------------------------------------------------------+-----
Invocations    | 2 3 4 5 6 7 8 9 10 11 12 13 14 15 16 | 16.4
Dodging        | 2 3 4 5 6 7 9 10 11 12 13 14 15 16 17 | 17.5
Polearms       | 3 4 5 7 8 9 10 11 12 13 14 15 16 17 18 19 20 | 20.3
Armour         | 3 4 5 6 8 9 10 11 12 13 14 15 16 17 18 | 18.4
Shields        | 1 2 3 4 9 12 14 15 | 15.0
Fighting       | 4 5 6 7 8 10 11 12 13 14 15 16 17 18 19 | 19.0
Stealth        | 3 8 10 | 10.0
Necromancy     | 5 9 11 12 14 15 | 15.3
Spellcasting   | 5 8 10 | 10.2
Slings         | 5 10 11 | 11.3

Action                   |  1- 3 |  4- 6 |  7- 9 | 10-12 | 13-15 | 16-18 | 19-21 | 22-24 | 25-27 || total
-------------------------+-------+-------+-------+-------+-------+-------+-------+-------+-------++-------
Melee: Spear             |   116 |   172 |    56 |   553 |    14 |       |       |       |       ||   911
       Kick              |    21 |    28 |    74 |   253 |   259 |   530 |   652 |   739 |   795 ||  3351
       Peck              |     9 |    18 |    58 |   168 |   157 |   341 |   441 |   469 |   524 ||  2185
       Unarmed           |       |     7 |       |       |       |       |       |       |       ||     7
       Trident           |       |       |   294 |   157 |       |       |       |       |       ||   451
       Demon trident     |       |       |       |       |   878 |  1504 |  1555 |  1693 |  1857 ||  7487
       Headbutt          |       |       |       |       |       |       |       |       |   397 ||   397
Throw: Dart              |       |     4 |     2 |     4 |       |       |       |     1 |       ||    11
       Javelin           |       |       |       |     2 |     5 |     1 |     5 |       |     7 ||    20
       Boomerang         |       |       |       |       |    10 |       |       |       |       ||    10
Invok: Depart the Abyss  |     1 |       |       |       |       |       |     1 |     1 |       ||     3
       Bend Space        |       |       |       |     1 |    15 |     2 |     4 |       |    14 ||    36
       Brand Weapon With |       |       |       |       |     1 |       |       |       |       ||     1
       Banish            |       |       |       |       |     2 |     1 |       |       |       ||     3
       Corrupt           |       |       |       |       |       |       |     1 |       |     1 ||     2
Evoke: Wand              |       |       |       |       |       |     1 |     1 |       |     1 ||     3
       Phantom mirror    |       |       |       |       |       |       |       |       |     1 ||     1
  Use: Scroll            |       |     3 |     8 |     9 |    21 |     5 |    14 |     5 |    10 ||    75
       Potion            |       |       |       |     3 |     4 |     2 |    10 |     8 |    15 ||    42
 Stab: Held in net/web   |       |       |     1 |       |       |       |       |       |       ||     1
       Distracted        |       |       |       |     2 |       |     7 |    12 |    11 |     9 ||    41
       Sleeping          |       |       |       |       |       |    29 |    35 |    23 |    34 ||   121
       Petrifying        |       |       |       |       |       |       |       |     1 |       ||     1
Armor: Leather armour    |    17 |    15 |     2 |       |       |       |       |       |       ||    34
       Ring mail         |       |       |    76 |    89 |    78 |    20 |       |       |       ||   263
       Scale mail        |       |       |       |       |       |   249 |   352 |   331 |   353 ||  1285
       Skin              |       |       |       |       |       |       |    19 |       |       ||    19
Dodge: Dodged            |    48 |    68 |   137 |   351 |   423 |   669 |   771 |   544 |   701 ||  3712
Block: Buckler           |       |    28 |   140 |   219 |   310 |   548 |   552 |       |       ||  1797
       Reflection        |       |     1 |     3 |    15 |     2 |    18 |    79 |    26 |    58 ||   202
       Kite shield       |       |       |       |       |       |       |   121 |   817 |  1141 ||  2079

Levels and vault maps discovered:
D:1:      dpeg_arrival_subterranean_lakeside_camping, layout_loops_ring,
          chequers_ecumenical_altar_twisty, grunt_decor_cap,
          minmay_three_crescents
D:2:      minmay_door_path, layout_basic, serial_shops, shop,
          minmay_misc_feat_cross, serial_bayou_pond_c, uniq_natasha,
          uniq_terence
D:3:      layout_basic, okawaru_ov_weapons_minmay, fedhas_altar_3,
          chequers_temple_overflow_statue_of_worship, serial_shops,
          nicolae_shop_window_shopping, nicolae_shop_crystal, amethyst_killhole
D:4:      layout_basic, mainiacjoe_overflow_alcove_2,
          mainiacjoe_overflow_six_doors_small
D:5:      layout_loops_ring, minmay_shop_damaged, nrook_loot_triangle,
          uniq_crazy_yiuf_cottage
D:6:      layout_basic, good_gods_temple_1,
          mainiacjoe_overflow_concentric_impassable, minmay_temple_entry_grid,
          serial_shops, shop
D:7:      kennysheep_steamy, layout_gridville, lemuel_round_altar,
          kennysheep_mini_moat
D:8:      layout_loops_ring, minmay_misc_feat_alley, minmay_diced_spiral
D:9:      due_megacathedral, layout_rooms, serial_shops, nicolae_shop_trees,
          serial_co_window_serial, co_window_paths_a, co_window_corner_a,
          co_window_paths_a, co_window_paths_b, co_window_of_opportunity_a,
          co_window_paths_a, co_window_of_opportunity_a, co_window_paths_b,
          co_window_of_opportunity_a, co_window_corner_b, co_window_broadway_a,
          co_window_cross_2, minivault_15
D:10:     layout_loops_corners, serial_co_window_serial,
          co_window_of_opportunity_a, co_window_corner_a,
          co_window_of_opportunity_a, co_window_corner_a, co_window_cross_1,
          co_window_of_opportunity_a, co_window_of_opportunity_a,
          co_window_corner_ca, co_window_broadway_b, co_window_2corner,
          co_window_paths_c, co_window_broadway_c, co_window_broadway_b,
          co_window_2corner, glass_columns_c, glass_columns_a, uniq_maurice
D:11:     layout_loops_cross, lair_entry_dummy, uniq_fannar
D:12:     layout_irregular_city, zombieorc1_lemuel, uniq_josephine, uniq_rupert
D:13:     layout_small_grid, cheibriados_altar_2
D:14:     layout_rooms, grunt_vaults_entry_fortified, uniq_frances
D:15:     hangedman_depths_entry_civil_slaughter, layout_loops_ring,
          serial_co_window_serial, co_window_of_opportunity_a,
          co_window_paths_a, co_window_paths_b, co_window_corner_a,
          co_window_paths_a, co_window_of_opportunity_b, co_window_2corner,
          co_window_corner_ca, co_window_sun, glass_columns_b, glass_columns_c,
          glass_columns_b, glass_columns_b, glass_columns_a,
          minmay_beelzebubs_servants
Lair:1:   layout_long_grid, gammafunk_lair_bear_cave, serial_bayou_shore_b
Lair:2:   layout_regular_city, nicolae_swamp_entry_splash_gauntlet, uniq_erica
Lair:3:   layout_cave_pods, nicolae_spider_entry_orb_guardian, st_stairs_11,
          grunt_megastairs_1, infiniplex_staircase_pool
Lair:4:   layout_roguey, serial_forest, infiniplex_forest_end_1,
          infiniplex_forest_straight_4, infiniplex_forest_pool,
          infiniplex_forest_corner_1, infiniplex_forest_clump_large,
          gammafunk_ghost_grave
Lair:5:   regret_index_wax_grids, layout_long_grid, slime_altar_1,
          grunt_megastairs_5, uniq_sonja, uniq_urug
Lair:6:   minmay_lair_end_enchanted_forest, layout_small_grid,
          nicolae_volcano_entry_batcave, serial_bayou_shore_a
Swamp:1:  layout_basic_swamp, nicolae_swamp_ascending_descending
Swamp:2:  layout_basic_swamp, nicolae_swamp_well_well_well,
          infiniplex_staircase_pool_2
Swamp:3:  layout_basic_swamp, nicolae_swamp_decorative_isthmus
Swamp:4:  swamp_alternative, layout_basic_swamp, swamp_pool1, uniq_nikola,
          uniq_donald
Spider:1: nicolae_spider_corner, gammafunk_ghost_cemetery,
          nicolae_spider_eight_legs
Spider:2: layout_spider_delve, drop_trap, nicolae_spider_nooks_and_crannies
Spider:3: layout_spider_delve
Spider:4: grunt_spider_rune_parallel, spiders_nest_spider_trap
Slime:1:  layout_caves, nicolae_slime_phagocytosis
Slime:2:  layout_caves
Slime:3:  layout_caves
Slime:4:  layout_caves, cheibrodos_slime_lost_civilization_5
Slime:5
Orc:1:    layout_diamond_mine, basic_altar, uniq_jorgrun
Orc:2:    st_orc_congregation, layout_diamond_mine
Elf:1:    eino_elf_arrival_customs, layout_geoelf_octagon, serial_shops,
          nicolae_shop_crystal, evilmike_minifort, uniq_louise, uniq_azrael
Elf:2:    layout_gridlike, serial_shops, nicolae_take_the_stairs,
          nicolae_wooded_promenade, lemuel_upstairs_altar
Elf:3:    grunt_elf_hall_spiral, layout_gridlike, serial_shops, shop_coins,
          corexii_leaking_fountain, uniq_bai_suzhen
Vaults:1: nicolae_vaults_network_s, nicolae_vaults_ring_of_whatevers,
          nicolae_vaults_hallways_thing, ontoclasm_vaults_decontamination,
          hangedman_vaults_river_flow, ontoclasm_vaults_idyll,
          vaults_room_door_hall, vaults_room_fours, layout_vaults_quadrants,
          serial_shops, nicolae_shop_window_shopping, shop, shop_statue, shop,
          nicolae_shop_stone, mu_enter_wizlab_1
Vaults:2: hangedman_vaults_slice, nicolae_vaults_gold_heap,
          ontoclasm_vaults_spin, ontoclasm_vaults_eye,
          nicolae_vaults_yaktaur_gun_rack, vaults_room_door_hall, v_misc_2,
          nicolae_vaults_statue_guard, v_misc_17,
          ontoclasm_vaults_loading_screen, nicolae_vaults_little_squares_6,
          ontoclasm_vaults_gateway, vaults_room_pools, layout_vaults_omnicross
Vaults:3: ontoclasm_vaults_pinch, nicolae_vaults_inception_corners, v_rooms_4,
          v_misc_30, v_misc_24, minmay_crypt_entry_simple_plaza,
          vaults_standard_mumra_x, nicolae_vaults_big_ls, v_misc_22,
          vaults_dpeg_ring, vaults_room_corners, layout_vaults_chaotic_city
Vaults:4: st_cross, v_misc_30, nicolae_vaults_twisting_passages,
          nicolae_vaults_windows_and_doors_thing, grunt_vaults_hallway_long,
          v_rooms_3, ontoclasm_vaults_chip, nicolae_vaults_mini_display_case,
          vaults_dpeg_hooks, vaults_room_hallway, layout_vaults_omnibox,
          serial_shops, nicolae_shop_waterfront
Crypt:1:  layout_chaotic_city, grunt_crypt_arrival_webbed
Crypt:2:  layout_rooms, hangedman_weighted_door, uniq_saint_roka
Crypt:3:  due_elkab, layout_chaotic_city, tomb_entry_shell_bobbens, st_stairs_2,
          amcnicky_mini_corridor_feature, minmay_misc_feat_hallway, uniq_xtahua,
          uniq_mara
Depths:1: layout_honeycomb, elyvilon_altar_1, serial_shops,
          nicolae_lakefront_shop, pf_coc_iceberg, vehumet_statue
Depths:2: minmay_the_grid_octo_tiled_squarecenter_mashed
          [minmay_the_grid_octo_toaster, minmay_the_grid_octo_focus,
          minmay_the_grid_octo_77, minmay_the_grid_octo_tetromino_candy,
          minmay_the_grid_square_5x5_megaprize_checkered,
          minmay_the_grid_square_5x5_plus, minmay_the_grid_square_5x5_mess,
          minmay_the_grid_square_5x5_minibox,
          minmay_the_grid_square_5x5_three_walls], layout_basic,
          minmay_misc_feat_ornament, hangedman_abyss_entry_splay, hell_entry,
          wheals_unrand_guarded_autumn_katana, minmay_staircase_bubble
Depths:3: minmay_two_paths, layout_gridville, abyss_entry,
          lemuel_blue_sif_altar, pf_hell_entry_tar_river, rand_demon_pan_entry_4
Depths:4: minmay_central_circle, layout_honeycomb,
          biasface_ghost_demon_polymorph, abyss_entry, grunt_hell_horde,
          grunt_pan_entry_spiral, minmay_shop_grove
Depths:5: grunt_crosshair, layout_cave_shapes, enter_ziggurat_a, hell_entry,
          abyss_entry_glasseish

Notes
Turn   | Place    | Note
-------+----------+-------------------------------------------
     0 | Abyss:1  | spiderkeys the Tengu Abyssal Knight began the quest for the
                  | Orb.
     0 | Abyss:1  | Reached XP level 1. HP: 14/14 MP: 3/3
     0 | Abyss:1  | magus.rc [v1.9.10]
   106 | Abyss:2  | Noticed a small abomination
   134 | Abyss:3  | Noticed a large abomination
   179 | Abyss:3  | Noticed an anaconda skeleton
   184 | Abyss:3  | HP: 2/14 [anaconda skeleton (12)]
   185 | D:1      | You pass through the gate.
   185 | D:1      | Escaped the Abyss
   584 | D:1      | Reached XP level 2. HP: 19/19 MP: 4/4
   584 | D:1      | Reached * piety under Lugonu
   762 | D:1      | Found a faded altar of an unknown god.
  1200 | D:1      | Reached XP level 3. HP: 23/23 MP: 5/5
  1298 | D:1      | Reached skill level 2 in Invocations
  1745 | D:2      | Found Ytaoc's Antique Armour Boutique.
  1789 | D:2      | Reached skill level 2 in Dodging
  1943 | D:2      | Reached ** piety under Lugonu
  1944 | D:2      | Reached XP level 4. HP: 24/28 MP: 4/6
  2116 | D:2      | Noticed Terence
  2728 | D:2      | Noticed Natasha
  2747 | D:2      | Killed Natasha
  2748 | D:2      | Reached skill level 3 in Polearms
  2748 | D:2      | Reached skill level 3 in Armour
  2983 | D:3      | Gained mutation: Your magical nature lets you fly swiftly
                  | and evasively. [Tengu growth]
  2983 | D:3      | Reached XP level 5. HP: 17/32 MP: 3/7
  3136 | D:3      | Found a blossoming altar of Fedhas.
  3140 | D:3      | Found Vuwask's Jewellery Shoppe.
  3299 | D:3      | Found a shadowy altar of Dithmenos.
  3299 | D:3      | Found a basalt altar of Yredelemnul.
  3300 | D:3      | Found a hide-covered altar of Uskayaw.
  3305 | D:3      | Found Juiwk's Antique Armour Emporium.
  3540 | D:3      | Found an iron altar of Okawaru.
  3574 | D:3      | Reached skill level 1 in Shields
  3870 | D:3      | Identified a scroll of acquirement
  3870 | D:3      | Acquired 866 gold pieces
  3889 | D:3      | Bought the amulet "Asajuere" {Reflect rElec rPois Int+6
                  | Dex-2 SH+5} for 792 gold pieces
  3945 | D:4      | Reached *** piety under Lugonu
  3946 | D:4      | Reached skill level 3 in Dodging
  3946 | D:4      | Reached XP level 6. HP: 28/38 MP: 7/9
  4255 | D:4      | Reached skill level 4 in Fighting
  4784 | D:4      | Reached skill level 4 in Polearms
  4784 | D:4      | Reached skill level 2 in Shields
  4784 | D:4      | Reached skill level 3 in Invocations
  4784 | D:4      | Reached XP level 7. HP: 43/43 MP: 10/10
  5109 | D:4      | Found a sacrificial altar of Ru.
  5220 | D:4      | Found a broken altar of Ashenzari.
  5330 | D:2      | Noticed Natasha
  5337 | D:2      | Killed Natasha
  5338 | D:2      | Reached skill level 4 in Armour
  5402 | D:2      | Killed Terence
  5542 | D:5      | Entered Level 5 of the Dungeon
  5821 | D:5      | Reached **** piety under Lugonu
  5955 | D:5      | Reached skill level 4 in Dodging
  5975 | D:5      | Reached XP level 8. HP: 45/48 MP: 11/11
  6261 | D:5      | Noticed a wyvern
  6274 | D:5      | Killed a wyvern
  6275 | D:5      | Reached skill level 3 in Shields
  6458 | D:5      | Reached skill level 5 in Fighting
  6458 | D:5      | Reached skill level 5 in Polearms
  6507 | D:5      | Found Disebaej's Lightly-Used Armoury.
  6605 | D:2      | Noticed Natasha
  6611 | D:2      | Killed Natasha
  6612 | D:2      | Reached skill level 4 in Invocations
  6648 | D:2      | Bought a fading chain mail for 247 gold pieces
  6648 | D:2      | Identified the +3 chain mail "Miz Dic" {Fly rElec Will-
                  | Int-3} (You bought it in a shop on level 2 of the Dungeon)
  6902 | D:5      | Reached skill level 5 in Armour
  7002 | D:5      | Found a runed translucent door.
  7003 | D:5      | Noticed Crazy Yiuf
  7218 | D:5      | Killed Crazy Yiuf
  7546 | D:6      | Found Keamazes's Jewellery Shoppe.
  7553 | D:6      | Found a burning altar of Makhleb.
  7678 | D:6      | Reached skill level 5 in Dodging
  7754 | D:6      | Found a staircase to the Ecumenical Temple.
  7761 | D:6      | Reached XP level 9. HP: 52/54 MP: 13/13
  7845 | D:6      | Reached skill level 4 in Shields
  8035 | D:6      | Found a glowing silver altar of Zin.
  8036 | D:6      | Found a glowing golden altar of the Shining One.
  8039 | D:6      | Found a white marble altar of Elyvilon.
  8641 | D:7      | Reached skill level 6 in Polearms
  8789 | D:7      | Reached skill level 6 in Armour
  8840 | D:7      | Reached skill level 6 in Fighting
  8961 | D:7      | Found a hazy altar of Hepliaklqana.
  8994 | D:7      | Reached skill level 5 in Invocations
  9019 | D:7      | Found a snail-covered altar of Cheibriados.
  9049 | D:7      | Reached skill level 6 in Dodging
  9717 | D:5      | Bought a -2 demon trident for 50 gold pieces
  9831 | D:8      | Noticed a two-headed ogre
  9842 | D:8      | Killed a two-headed ogre
  9843 | D:8      | Reached skill level 7 in Polearms
  9843 | D:8      | Reached XP level 10. HP: 43/61 MP: 15/15
 10079 | D:8      | Reached skill level 7 in Armour
 10080 | D:8      | Reached ***** piety under Lugonu
 10100 | D:8      | HP: 8/61 [komodo dragon (19)]
 10111 | D:8      | Reached skill level 7 in Dodging
 10237 | D:8      | Reached skill level 7 in Fighting
 10661 | D:9      | You pick up a book of Decay and begin reading...
 10661 | D:9      | You add the spells Corpse Rot, Dispel Undead and Death
                  | Channel to your library.
 10887 | D:9      | Reached skill level 6 in Invocations
 11107 | D:9      | Found Dedaotty's Armour Emporium.
 11213 | D:9      | Noticed an ice statue
 11795 | D:9      | HP: 13/63 [ice statue/freezing blast (16)]
 11957 | D:9      | Identified the +7 spear of Jibatherr {drain, *Noise rCorr
                  | Str+4}
 12081 | D:9      | Identified the amulet "Fucviuta" {Faith Contam Int+2 SInv}
 12640 | D:9      | Killed an ice statue
 12646 | D:9      | You pick up a book of the Warp and begin reading...
 12646 | D:9      | You add the spells Dispersal and Disjunction to your
                  | library.
 13043 | D:9      | Found a snail-covered altar of Cheibriados.
 13074 | D:9      | Reached skill level 8 in Polearms
 13088 | D:9      | Reached skill level 8 in Armour
 13091 | D:9      | Reached XP level 11. HP: 58/68 MP: 16/16
 13100 | D:9      | Reached skill level 8 in Dodging
 13275 | D:9      | Found a blossoming altar of Fedhas.
 13293 | D:9      | Found a hide-covered altar of Uskayaw.
 13295 | D:9      | Found a runed translucent door.
 13314 | D:9      | Noticed a flayed ghost
 13319 | D:9      | Found an ornate altar of the Wu Jian Council.
 13331 | D:9      | Found a white marble altar of Elyvilon.
 13344 | D:9      | Found a blossoming altar of Fedhas.
 13515 | D:9      | You pick up a book of the Hunter and begin reading...
 13515 | D:9      | You add the spells Call Canine Familiar, Portal Projectile
                  | and Leda's Liquefaction to your library.
 13694 | D:9      | Killed a flayed ghost
 13695 | D:9      | Reached skill level 8 in Fighting
 13742 | D:10     | Entered Level 10 of the Dungeon
 13872 | D:10     | Noticed Maurice
 13881 | D:10     | Killed Maurice
 13914 | D:10     | Reached skill level 7 in Invocations
 14775 | D:10     | Noticed a two-headed ogre
 14782 | D:10     | Killed a two-headed ogre
 15051 | D:11     | You pick up a book of Maledictions and begin reading...
 15051 | D:11     | You add the spells Corona, Ensorcelled Hibernation and
                  | Tukima's Dance to your library.
 15057 | D:11     | You pick up a book of Touch and begin reading...
 15057 | D:11     | You add the spells Static Discharge and Sticky Flame to
                  | your library.
 15068 | D:11     | You pick up a book of Chaos and begin reading...
 15068 | D:11     | You add the spells Conjure Ball Lightning and Discord to
                  | your library.
 15077 | D:11     | Noticed a cyclops
 15084 | D:11     | Killed a cyclops
 15085 | D:11     | Reached skill level 9 in Polearms
 15274 | D:11     | You pick up a book of Changes and begin reading...
 15274 | D:11     | You add the spells Beastly Appendage, Wereblood and Spider
                  | Form to your library.
 15322 | D:11     | Reached skill level 9 in Armour
 15393 | D:11     | Found a staircase to the Lair.
 15449 | D:11     | Noticed Fannar
 15460 | D:11     | Killed Fannar
 15461 | D:11     | Reached skill level 9 in Dodging
 15952 | D:12     | Reached XP level 12. HP: 46/75 MP: 18/18
 16128 | D:12     | Found a staircase to the Orcish Mines.
 16200 | D:12     | You add the spells Olgreb's Toxic Radiance, Ozocubu's
                  | Refrigeration and Ignition to your library.
 16284 | D:12     | Reached skill level 9 in Fighting
 16305 | D:12     | Noticed Rupert
 16317 | D:12     | Killed Rupert
 16318 | D:12     | Reached skill level 8 in Invocations
 16371 | D:12     | Identified a +2 robe of the Archmagi
 16609 | D:12     | Noticed Josephine
 16621 | D:12     | Killed Josephine
 16622 | D:12     | Reached skill level 10 in Polearms
 16690 | D:12     | Noticed a boulder beetle
 16716 | D:12     | Killed a boulder beetle
 16717 | D:12     | Reached skill level 10 in Armour
 16764 | D:12     | Reached skill level 10 in Dodging
 16905 | D:12     | Noticed a two-headed ogre
 16916 | D:12     | Killed a two-headed ogre
 17414 | D:12     | Noticed a two-headed ogre
 17422 | D:12     | Killed a two-headed ogre
 17642 | D:13     | Found a snail-covered altar of Cheibriados.
 17656 | D:13     | Noticed a boulder beetle
 17681 | D:13     | Killed a boulder beetle
 17850 | D:13     | Noticed a centaur warrior
 17861 | D:13     | Killed a centaur warrior
 17989 | D:13     | Reached ****** piety under Lugonu
 17990 | D:13     | Reached skill level 10 in Fighting
 17990 | D:13     | Reached XP level 13. HP: 82/82 MP: 20/20
 17996 | D:13     | Identified the +1 ring mail of the Gate {rN+}
 18095 | D:13     | HP: 15/82 [skeletal warrior (18)]
 18977 | Lair:1   | Entered Level 1 of the Lair of Beasts
 19002 | Lair:1   | Reached skill level 9 in Invocations
 20291 | Lair:2   | Identified a +3 demon trident of distortion (a +1 demon
                  | trident of venom corrupted by Lugonu)
 20291 | Lair:2   | Received a gift from Lugonu
 20708 | Lair:2   | Reached skill level 11 in Polearms
 20841 | Lair:2   | Noticed Erica
 20848 | Lair:2   | Reached skill level 11 in Armour
 20858 | Lair:2   | Killed Erica
 20859 | Lair:2   | Reached skill level 11 in Dodging
 21253 | Lair:2   | Found a staircase to the Swamp.
 22170 | Lair:3   | Found a hole to the Spider Nest.
 22720 | Lair:3   | You pick up a book of Necromancy and begin reading...
 22720 | Lair:3   | You add the spells Pain, Animate Skeleton and Vampiric
                  | Draining to your library.
 23206 | Lair:4   | You pick up a book of Burglary and begin reading...
 23206 | Lair:4   | You add the spells Passwall, Swiftness and Invisibility to
                  | your library.
 23262 | Lair:4   | Reached skill level 11 in Fighting
 23281 | Lair:4   | Reached XP level 14. HP: 90/90 MP: 22/22
 23344 | Lair:4   | Acquired the ring "Dyuna" {rC+ Str+5 Int+3 Dex-3}
 23447 | Lair:4   | Found a runed translucent door.
 23448 | Lair:4   | Noticed Myl Vuom's ghost (journeyman MiFi)
 23687 | Lair:4   | You pick up a book of Changes and begin reading...
 23941 | Lair:4   | Banished Myl Vuom's ghost
 23942 | Lair:4   | Reached skill level 10 in Invocations
 23943 | Lair:4   | Identified the ring "Noamyggi" {Wiz Will+}
 24101 | Lair:5   | Noticed Urug
 24114 | Lair:5   | Killed Urug
 24431 | Lair:5   | Found a staircase to the Slime Pits.
 24432 | Lair:5   | Found a viscous altar of Jiyva.
 24753 | Lair:5   | Reached skill level 12 in Polearms
 24873 | Lair:5   | Reached skill level 12 in Armour
 24903 | Lair:5   | Reached skill level 12 in Dodging
 25025 | Lair:5   | HP: 16/90 [meliai/divine providence (14)]
 25037 | Lair:5   | HP: 18/90 [meliai/divine providence (12)]
 25038 | Lair:5   | HP: 5/90 [meliai/divine providence (13)]
 26088 | Lair:5   | Noticed Sonja
 26105 | Lair:5   | Killed Sonja
 26543 | Lair:6   | Entered Level 6 of the Lair of Beasts
 26722 | Lair:6   | Found a dark tunnel.
 26731 | Volcano  | Entered a volcano
 26870 | Volcano  | Acquired 961 gold pieces
 27278 | Lair:6   | Reached XP level 15. HP: 92/96 MP: 24/24
 27338 | Lair:6   | Reached skill level 12 in Fighting
 27380 | Lair:6   | HP: 22/96 [spriggan (12)]
 28140 | Lair:6   | Reached skill level 11 in Invocations
 28807 | Lair:6   | Identified a potion of experience
 28808 | Lair:6   | Reached skill level 9 in Shields
 28808 | Lair:6   | Reached XP level 16. HP: 101/101 MP: 25/25
 29087 | Orc:1    | Entered Level 1 of the Orcish Mines
 29128 | Orc:2    | Entered Level 2 of the Orcish Mines
 29198 | Orc:1    | Noticed Jorgrun
 29228 | Orc:1    | Banished Jorgrun
 29229 | Orc:1    | Reached skill level 13 in Polearms
 29229 | Orc:1    | Reached skill level 13 in Armour
 29440 | Orc:2    | Reached skill level 13 in Dodging
 29780 | Orc:1    | magus.rc [v1.9.10]
 30233 | Orc:2    | Found a staircase to the Elven Halls.
 30430 | Orc:2    | Identified a +0 robe of the Archmagi
 31373 | Orc:2    | Found Toelioth's General Store.
 31374 | Orc:2    | Found Xebeul's Jewellery Shop.
 31376 | Orc:2    | Found Ackusy's Antique Armour Shop.
 31376 | Orc:2    | Found Rusipai's Antique Weapon Boutique.
 31392 | Orc:2    | Bought an ichor-stained buckler for 323 gold pieces
 31392 | Orc:2    | Identified the +0 buckler of the Apothecary {rElec Dex+6}
                  | (You bought it in a shop on level 2 of the Orcish Mines)
 31636 | Orc:2    | Bought a polished scale mail for 306 gold pieces
 31636 | Orc:2    | Identified the +5 scale mail of Zeyqopefone {Drain MP+9
                  | Str+5 Stlth+} (You bought it in a shop on level 2 of the
                  | Orcish Mines)
 32002 | D:6      | Bought the ring of Ciss {rF+++ rC+ rCorr Int-3} for 752
                  | gold pieces
 32004 | D:6      | Bought the ring of the Tortoise {AC+8} for 1536 gold pieces
 32004 | D:6      | Found the ring of the Tortoise {AC+8}
 32271 | Orc:1    | Found a bloodstained altar of Trog.
 32653 | D:13     | Reached skill level 1 in Stealth
 33052 | D:14     | Reached skill level 2 in Stealth
 33225 | D:14     | Noticed Frances
 33235 | D:14     | Banished Frances
 33268 | D:14     | HP: 19/103 [something/shard of ice (10)]
 33525 | D:14     | You are sucked into a shaft and drop 1 floor!
 33525 | D:15     | Entered Level 15 of the Dungeon
 33577 | D:15     | Reached skill level 3 in Stealth
 33895 | D:15     | Found a staircase to the Depths.
 33899 | D:15     | Reached XP level 17. HP: 102/108 MP: 26/26
 33915 | D:15     | Reached skill level 4 in Stealth
 34041 | D:15     | You pick up a book of Sloth and begin reading...
 34041 | D:15     | You add the spells Petrify, Metabolic Englaciation and
                  | Statue Form to your library.
 34313 | D:15     | Reached skill level 13 in Fighting
 34370 | D:15     | Reached skill level 5 in Stealth
 35024 | D:14     | Reached skill level 6 in Stealth
 35312 | D:14     | Reached skill level 14 in Polearms
 35326 | D:14     | Reached skill level 12 in Invocations
 35505 | D:14     | Reached skill level 14 in Armour
 35702 | D:14     | Found a gate to the Vaults.
 36018 | Spider:1 | Entered Level 1 of the Spider Nest
 36080 | Spider:1 | Reached skill level 7 in Stealth
 36092 | Spider:1 | Learned a level 1 spell: Animate Skeleton
 36121 | Spider:1 | You pick up a book of the Dryads and begin reading...
 36121 | Spider:1 | You add the spells Summon Forest, Summon Mana Viper and
                  | Shadow Creatures to your library.
 36291 | Spider:1 | You pick up a book of the Tundra and begin reading...
 36291 | Spider:1 | You add the spells Hailstorm, Ice Form and Simulacrum to
                  | your library.
 36549 | Spider:1 | Reached skill level 8 in Stealth
 37249 | Spider:1 | Found a runed translucent gate.
 37250 | Spider:1 | Found a runed translucent gate.
 37253 | Spider:1 | Found a runed translucent gate.
 37254 | Spider:1 | Noticed apoch's ghost (adept HOFi)
 37255 | Spider:1 | Noticed Quebbil's ghost (journeyman GrFi)
 37578 | Spider:1 | Reached XP level 18. HP: 115/115 MP: 28/28
 37661 | Spider:1 | Reached skill level 9 in Stealth
 38159 | Spider:1 | Banished apoch's ghost
 38165 | Spider:1 | Banished Quebbil's ghost
 38177 | Spider:1 | Identified the +3 hat "Wahin" {-Cast rElec Dex+7}
 38545 | Spider:2 | You pick up a book of Decay and begin reading...
 39300 | Spider:2 | Reached skill level 10 in Stealth
 39560 | Spider:3 | Reached skill level 14 in Fighting
 39772 | Spider:3 | You pick up a book of Dreams and begin reading...
 39818 | Spider:3 | Reached skill level 15 in Polearms
 39897 | Spider:2 | Reached skill level 15 in Armour
 40499 | Spider:3 | Reached skill level 13 in Invocations
 40771 | Spider:3 | Identified the ring of Baattetz {Ice rElec Will- Str+7}
 40936 | Spider:4 | Entered Level 4 of the Spider Nest
 42138 | Spider:4 | You add the spells Malign Gateway and Summon Horrible
                  | Things to your library.
 42859 | Spider:4 | Reached XP level 19. HP: 101/122 MP: 29/29
 43475 | Spider:4 | Got a gossamer rune of Zot
 44034 | Swamp:1  | Entered Level 1 of the Swamp
 44228 | Swamp:1  | Noticed a tentacled monstrosity
 44248 | Swamp:1  | Killed a tentacled monstrosity
 44916 | Swamp:2  | Reached skill level 15 in Fighting
 44922 | Swamp:2  | Reached skill level 1 in Necromancy
 45045 | Swamp:2  | Reached skill level 1 in Spellcasting
 45350 | Swamp:2  | Reached skill level 2 in Necromancy
 45396 | Swamp:2  | Reached skill level 16 in Polearms
 45441 | Swamp:2  | Reached skill level 2 in Spellcasting
 45553 | Swamp:2  | Reached skill level 16 in Armour
 45728 | Swamp:3  | Reached skill level 3 in Necromancy
 45975 | Swamp:3  | Reached skill level 3 in Spellcasting
 46086 | Swamp:3  | Reached skill level 4 in Necromancy
 46511 | Swamp:3  | Reached skill level 4 in Spellcasting
 46754 | Swamp:4  | Entered Level 4 of the Swamp
 46762 | Swamp:4  | Reached skill level 5 in Necromancy
 46867 | Swamp:4  | Reached skill level 14 in Invocations
 47126 | Swamp:4  | Reached skill level 5 in Spellcasting
 47126 | Swamp:4  | Reached XP level 20. HP: 129/129 MP: 31/31
 47137 | Swamp:4  | Reached skill level 6 in Necromancy
 47167 | Swamp:4  | Noticed Donald
 47174 | Swamp:4  | Killed Donald
 47289 | Swamp:4  | Got a decaying rune of Zot
 47369 | Swamp:4  | Noticed Nikola
 47392 | Swamp:4  | Killed Nikola
 47867 | Swamp:4  | Learned a level 4 spell: Dispel Undead
 47874 | Swamp:4  | Learned a level 6 spell: Death Channel
 48153 | Vaults:1 | Entered Level 1 of the Vaults
 48203 | Vaults:1 | Found a magical portal.
 48208 | WizLab   | Entered Doroklohe's Tomb
 48433 | WizLab   | Noticed a dread lich
 48433 | WizLab   | Corrupted WizLab
 48444 | WizLab   | Killed a dread lich
 48840 | Vaults:1 | Reached skill level 7 in Necromancy
 49043 | Vaults:1 | Reached skill level 6 in Spellcasting
 49058 | D:14     | Reached skill level 10 in Shields
 49470 | Vaults:1 | Found Begir's Armour Shoppe.
 49482 | Vaults:1 | Found Faet's Antique Armour Shop.
 49492 | Vaults:1 | Bought a slimy cloak for 256 gold pieces
 49492 | Vaults:1 | Identified the +1 cloak of Sainoang {rCorr} (You bought it
                  | in a shop on level 1 of the Vaults)
 49534 | Vaults:1 | You are cast into the Abyss!
 49534 | Vaults:1 | Cast into level 2 of the Abyss (a wizard)
 49568 | Abyss:2  | Found a corrupted altar of Lugonu.
 49602 | Abyss:2  | Found a corrupted altar of Lugonu.
 49639 | Abyss:2  | Noticed a bone dragon
 49759 | Abyss:2  | Reached skill level 8 in Necromancy
 50415 | Abyss:3  | Found a corrupted altar of Lugonu.
 50460 | Abyss:3  | Identified the +11 whip of the Sage {freeze, rC++ Will-
                  | MP+9 Dex+2}
 50529 | Abyss:3  | Reached skill level 11 in Shields
 50568 | Abyss:3  | Reached skill level 7 in Spellcasting
 50704 | Abyss:3  | Noticed a hellephant
 50720 | Abyss:3  | Got an abyssal rune of Zot
 50721 | Vaults:1 | You pass through the gate.
 50721 | Vaults:1 | Escaped the Abyss
 50739 | Vaults:1 | HP: 11/90 [deep troll[an ironbound preserver] (12)]
 51059 | Vaults:1 | Found Oraic's Distillery.
 51628 | Vaults:1 | You pick up a book of Lightning and begin reading...
 51628 | Vaults:1 | You add the spells Lightning Bolt and Maxwell's Capacitive
                  | Coupling to your library.
 51676 | Vaults:1 | Reached skill level 9 in Necromancy
 51876 | Vaults:1 | Found Pyoly's General Store.
 51944 | Vaults:1 | Reached skill level 12 in Shields
 52117 | Vaults:1 | Bought a potion of curing for 42 gold pieces
 52117 | Vaults:1 | Bought 2 potions of invisibility for 224 gold pieces
 52117 | Vaults:1 | Bought a potion of heal wounds for 70 gold pieces
 52117 | Vaults:1 | Bought a potion of invisibility for 112 gold pieces
 52196 | Vaults:1 | Found Batiatoi's Book Emporium.
 52322 | Vaults:1 | Bought a buzzing ring mail for 243 gold pieces
 52322 | Vaults:1 | Identified the +2 ring mail "Jiwoputa" {Str+3} (You bought
                  | it in a shop on level 1 of the Vaults)
 52413 | Vaults:2 | Reached skill level 8 in Spellcasting
 52853 | Vaults:2 | Reached XP level 21. HP: 134/134 MP: 34/34
 53562 | Vaults:2 | Reached skill level 10 in Necromancy
 53585 | Vaults:2 | Reached skill level 13 in Shields
 54406 | Vaults:2 | Acquired the +9 staff of Wucad Mu {*channel}
 54407 | Vaults:2 | Found the +9 staff of Wucad Mu {*channel}
 54424 | Vaults:2 | Upgraded the game from 0.27-a0-1500-g450c7e4133 to
                  | 0.27-a0-1502-g47ed6a6988
 54424 | Vaults:2 | magus.rc [v1.9.10]
 54424 | Vaults:2 | magus.rc [v1.9.10]
 54658 | Vaults:3 | Reached skill level 9 in Spellcasting
 54811 | Vaults:3 | You pick up a book of Power and begin reading...
 54811 | Vaults:3 | You add the spells Iskenderun's Battlesphere, Iron Shot and
                  | Spellforged Servitor to your library.
 54926 | Vaults:3 | Identified the +6 ring mail of Lesser Demons {Rampage *Slow
                  | rC+++ Stlth+}
 55173 | Vaults:3 | Paralysed by a great orb of eyes for 7 turns
 55181 | Vaults:3 | HP: 19/134 [yaktaur captain/bolt (21)]
 55447 | Vaults:3 | Found a staircase to the Crypt.
 55507 | Vaults:3 | You pick up a book of Fire and begin reading...
 55507 | Vaults:3 | You add the spells Fireball and Starburst to your library.
 55729 | Vaults:3 | Reached skill level 11 in Necromancy
 56992 | Vaults:4 | Reached skill level 15 in Invocations
 57009 | Vaults:4 | Identified the amulet "Jik Xuhur" {Regen+ Slay+2}
 57059 | Vaults:4 | Reached skill level 10 in Spellcasting
 57323 | Vaults:3 | Reached skill level 14 in Shields
 57480 | Vaults:3 | Reached XP level 22. HP: 137/140 MP: 37/37
 58164 | Vaults:4 | Reached skill level 12 in Necromancy
 58651 | Vaults:4 | You are cast into the Abyss!
 58651 | Vaults:4 | Cast into level 1 of the Abyss (orc knight)
 58654 | Vaults:4 | You pass through the gate.
 58654 | Vaults:4 | Escaped the Abyss
 59101 | Vaults:4 | Found Zyfisew's Weapon Boutique.
 59812 | Depths:1 | Entered Level 1 of the Depths
 60040 | Depths:1 | Found a radiant altar of Vehumet.
 60086 | Depths:1 | Found a gateway to Hell.
 60606 | Depths:1 | You pick up a book of Vapours and begin reading...
 60606 | Depths:1 | You add the spells Poisonous Vapours, Mephitic Cloud and
                  | Freezing Cloud to your library.
 60873 | Depths:1 | Found Kivassi's Book Boutique.
 60882 | Depths:1 | Bought a Necronomicon for 672 gold pieces
 60882 | Depths:1 | You add the spells Borgnjor's Revivification, Necromutation
                  | and Death's Door to your library.
 60891 | Depths:1 | Learned a level 8 spell: Necromutation
 60936 | Depths:1 | Found a white marble altar of Elyvilon.
 61018 | Depths:1 | Reached skill level 14 in Dodging
 61208 | Depths:1 | Identified the +4 whip of Yziterch {speed, Str+4 Dex+4}
 61322 | Depths:1 | Acquired 839 gold pieces
 61518 | Depths:2 | Identified the +6 morningstar of Massacring {antimagic,
                  | rCorr}
 62629 | Depths:2 | HP: 17/132 [necromancer/bolt of negative energy (39)]
 62635 | Depths:2 | HP: 12/132 [hell knight/bolt of fire (4)]
 63140 | Depths:2 | Identified the +10 double sword of Vanity {vorpal, Fragile
                  | Will++ MP+9}
 63151 | Depths:2 | Reached XP level 23. HP: 136/137 MP: 38/38
 63152 | Depths:2 | C - the +10 double sword of Vanity {vorpal, Fragile Will++
                  | MP+9, rare}
 63155 | Depths:2 | You drop the +10 double sword of Vanity {vorpal, Fragile
                  | Will++ MP+9, rare}.
 63323 | Depths:2 | Found a one-way gate to the infinite horrors of the Abyss.
 63531 | Depths:2 | Identified the +5 rapier of Uncomfortable Rashes {vorpal,
                  | rF- Str+7}
 63886 | Depths:2 | Reached skill level 13 in Necromancy
 64436 | Depths:3 | Found the brooch of Shielding {Spirit SH+8}
 64931 | Depths:3 | Reached skill level 15 in Shields
 64951 | Depths:3 | HP: 32/137 [spectral caustic shrike (18)]
 64973 | Depths:3 | Reached skill level 17 in Polearms
 64979 | Depths:3 | HP: 15/142 [spark wasp (21)]
 65432 | Depths:3 | Reached skill level 17 in Armour
 65687 | Depths:4 | Reached skill level 16 in Fighting
 66174 | Depths:3 | Noticed a caustic shrike
 66198 | Depths:4 | Killed a caustic shrike
 66315 | Depths:3 | Noticed an ancient lich
 66328 | Depths:3 | Killed an ancient lich
 66329 | Depths:3 | Reached skill level 15 in Dodging
 66575 | Depths:3 | Noticed a golden dragon
 66587 | Depths:3 | Noticed a golden dragon
 66592 | Depths:3 | Killed a golden dragon
 66592 | Depths:3 | Identified +0 gold dragon scales
 66598 | Depths:3 | Banished a golden dragon
 66686 | Depths:3 | +0 gold dragon scales {rare}; a golden dragon corpse
 66701 | Depths:3 | Noticed a caustic shrike
 66716 | Depths:3 | Banished a caustic shrike
 66718 | Depths:3 | +0 storm dragon scales {rare}; a storm dragon corpse
 67073 | Depths:3 | Found a shimmering blue altar of Sif Muna.
 67142 | Depths:3 | Found a one-way gate leading to the halls of Pandemonium.
 67267 | Depths:4 | You add the spells Gell's Gravitas and Teleport Other to
                  | your library.
 67521 | Depths:4 | Noticed a juggernaut
 67588 | Depths:4 | HP: 31/148 [juggernaut (35)]
 67589 | Depths:4 | Killed a juggernaut
 67590 | Depths:4 | Reached skill level 14 in Necromancy
 67590 | Depths:4 | Reached XP level 24. HP: 33/154 MP: 38/38
 68013 | Depths:3 | HP: 38/154 [disintegration (13)]
 68388 | Depths:4 | Paralysed by a great orb of eyes for 5 turns
 69876 | Depths:4 | Reached skill level 18 in Polearms
 69901 | Depths:4 | You pick up a book of Dreams and begin reading...
 69932 | Depths:4 | Got Secret Knowledge, Part Three
 70097 | Depths:4 | Found Remoquol's Book Boutique.
 70099 | Depths:4 | Found Siefig's Jewellery Shoppe.
 70100 | Depths:4 | Found Mykatisek's Book Boutique.
 70153 | Depths:4 | Noticed a juggernaut
 70168 | Depths:4 | Banished a juggernaut
 70169 | Depths:4 | Reached skill level 18 in Armour
 70299 | Depths:4 | Identified the +2 robe of the Loofah {rF- rCorr Str+3
                  | Dex+8}
 70670 | Depths:4 | Found a runed translucent gate.
 70670 | Depths:4 | Found a runed translucent gate.
 70670 | Depths:4 | Found a runed translucent gate.
 70670 | Depths:4 | Noticed Bocughoh's ghost (adept HaHu)
 70947 | Depths:3 | Reached skill level 17 in Fighting
 71288 | Depths:4 | Banished Bocughoh's ghost
 71301 | Depths:4 | Identified the +1 pair of gloves "Xuonem" {*Corrode rPois
                  | rF+ Regen+}
 71419 | Depths:5 | Entered Level 5 of the Depths
 71419 | Depths:5 | Found a gateway to a ziggurat.
 71974 | Depths:5 | Reached skill level 15 in Necromancy
 71997 | Depths:5 | Found a gate to the Realm of Zot.
 72774 | Depths:4 | Reached XP level 25. HP: 117/160 MP: 38/38
 73181 | Depths:5 | You add the spells Alistair's Intoxication, Borgnjor's Vile
                  | Clutch and Eringya's Noxious Bog to your library.
 73302 | Depths:5 | magus.rc [v1.9.10]
 73661 | D:3      | Bought a pair of runed gloves for 157 gold pieces
 73662 | D:3      | Gained mutation: You are weak. (Str -2) [potion of
                  | mutation]
 73662 | D:3      | Gained mutation: You are somewhat resistant to further
                  | mutation. [potion of mutation]
 73664 | D:3      | Lost mutation: You are weak. (Str -2) [potion of mutation]
 73664 | D:3      | Lost mutation: You are somewhat resistant to further
                  | mutation. [potion of mutation]
 73664 | D:3      | Gained mutation: You are robust. (+10% HP) [potion of
                  | mutation]
 74001 | Slime:1  | Entered Level 1 of the Pits of Slime
 74370 | Slime:2  | Reached skill level 16 in Invocations
 74832 | Slime:4  | Gained mutation: You are dopey. (Int -2) [a shining eye]
 75025 | Slime:5  | Entered Level 5 of the Pits of Slime
 75227 | Slime:4  | Lost mutation: You are robust. (+10% HP) [a shining eye]
 75229 | Slime:4  | Gained mutation: You are frail. (-10% HP) [a shining eye]
 75247 | Slime:4  | Lost mutation: You are dopey. (Int -2) [potion of mutation]
 75247 | Slime:4  | Lost mutation: You are frail. (-10% HP) [potion of
                  | mutation]
 75247 | Slime:4  | Gained mutation: Your muscles are strong. (Str +2) [potion
                  | of mutation]
 75247 | Slime:4  | Gained mutation: You are clumsy. (Dex -2) [potion of
                  | mutation]
 75247 | Slime:4  | Gained mutation: You passively dampen the noise of your
                  | surroundings. [potion of mutation]
 75450 | Slime:5  | Gained mutation: You do not regenerate when monsters are
                  | visible. [a shining eye]
 75451 | Slime:5  | Gained mutation: Your body sometimes deteriorates upon
                  | taking damage. [a shining eye]
 75455 | Slime:5  | Lost mutation: You passively dampen the noise of your
                  | surroundings. [potion of mutation]
 75455 | Slime:5  | Lost mutation: Your body sometimes deteriorates upon taking
                  | damage. [potion of mutation]
 75455 | Slime:5  | Gained mutation: You are dopey. (Int -2) [potion of
                  | mutation]
 75455 | Slime:5  | Gained mutation: You possess an exceptional clarity of
                  | mind. [potion of mutation]
 75455 | Slime:5  | Gained mutation: You have a pair of small horns on your
                  | head. [potion of mutation]
 75718 | Slime:5  | Noticed the Royal Jelly
 75719 | Slime:5  | Found a viscous altar of Jiyva.
 75720 | Slime:5  | Corrupted Slime:5
 75743 | Slime:5  | Found the +3 sling "Punk" {acid, rCorr}
 76669 | Slime:4  | HP: 33/162 [acid (7)]
 76678 | Slime:3  | HP: 29/162 [azure jelly[the Royal Jelly] (4)]
 77189 | Slime:5  | HP: 31/162 [the Royal Jelly (11)]
 77190 | Slime:5  | HP: 9/162 [the Royal Jelly (17)]
 77736 | Slime:4  | HP: 38/162 [acid blob/splash of acid[the Royal Jelly] (4)]
 77739 | Slime:4  | HP: 17/162 [acid blob/splash of acid[the Royal Jelly] (6)]
 77740 | Slime:4  | HP: 5/162 [acid blob/splash of acid[the Royal Jelly] (5)]
 77740 | Slime:4  | HP: 2/162 [acid[the Royal Jelly] (3)]
 80063 | Slime:5  | HP: 33/162 [acid[the Royal Jelly] (8)]
 80071 | Slime:5  | HP: 23/162 [acid[the Royal Jelly] (2)]
 80164 | Slime:4  | Gained mutation: You occasionally shout uncontrollably at
                  | your foes. [a shining eye]
 80813 | Slime:5  | You pick up a book of the Senses and begin reading...
 80813 | Slime:5  | You add the spells Dazzling Flash, Agony and Silence to
                  | your library.
 80845 | Slime:5  | Got a slimy rune of Zot
 80872 | Slime:5  | Identified the +1 mace of Amorality {vamp, rC+ Will+}
 80874 | Slime:5  | Identified the +7 hand crossbow of Imeulet {flame, Dex+4}
 80885 | Slime:5  | Acquired a +5 demon trident of electrocution
 80890 | Slime:5  | Identified the +11 falchion of Dawn {antimagic, Stlth+}
 80894 | Slime:5  | You pick up a book of Frost and begin reading...
 80894 | Slime:5  | You add the spells Freeze and Frozen Ramparts to your
                  | library.
 81319 | Slime:1  | Reached skill level 19 in Polearms
 81634 | Elf:1    | Entered Level 1 of the Elven Halls
 81707 | Elf:1    | Noticed Azrael
 81737 | Elf:1    | Killed Azrael
 81880 | Elf:1    | Found Jurroma's Weapon Emporium.
 82578 | Elf:1    | Reached skill level 1 in Slings
 82776 | Elf:1    | Noticed Louise
 82781 | Elf:1    | Killed Louise
 82860 | Elf:1    | Reached skill level 2 in Slings
 83087 | Elf:1    | Paralysed by an air elemental for 1 turns
 83281 | Elf:1    | Reached skill level 3 in Slings
 83281 | Elf:1    | Reached skill level 16 in Dodging
 83435 | Elf:2    | Found Guzul's General Store.
 83640 | Elf:2    | Found Inysiun's Distillery.
 83649 | Elf:2    | Bought a potion of heal wounds for 90 gold pieces
 83649 | Elf:2    | Bought a potion of heal wounds for 90 gold pieces
 83649 | Elf:2    | Bought a potion of heal wounds for 90 gold pieces
 83649 | Elf:2    | Bought a potion of cancellation for 144 gold pieces
 83649 | Elf:2    | Bought a potion of might for 72 gold pieces
 83695 | Elf:2    | Reached skill level 4 in Slings
 83742 | Elf:2    | Reached skill level 18 in Fighting
 83852 | Elf:2    | Found a runed translucent gate.
 83852 | Elf:2    | Found a runed translucent gate.
 83858 | Elf:2    | Found a runed translucent gate.
 84370 | Elf:2    | Reached skill level 5 in Slings
 84485 | Elf:2    | Reached XP level 26. HP: 148/168 MP: 38/38
 84627 | Elf:3    | Entered Level 3 of the Elven Halls
 84687 | Elf:3    | Found Jyzoas's Armour Shop.
 84818 | Elf:2    | Found an ancient bone altar of Kikubaaqudgha.
 84971 | Elf:3    | Noticed Bai Suzhen
 85012 | Elf:3    | Killed Bai Suzhen
 85038 | Elf:3    | Reached skill level 6 in Slings
 85158 | Elf:3    | Identified the +10 war axe of Aveulao {flame, rF+}
 85158 | Elf:3    | Identified the +2 robe "Courag" {+Blink rCorr}
 85158 | Elf:3    | Identified the ring "Gekk" {rElec rPois Dex+4 Slay+2}
 85158 | Elf:3    | Identified the +8 whip of Blood {flame, Drain SInv Stlth+}
 85159 | Elf:3    | HP: 42/168 [???[a deep elf demonologist] (39)]
 85976 | Elf:3    | a deep elf demonologist comes into view. It is wielding the
                  | +10 dark maul {vorpal}.
 86252 | Elf:3    | Reached skill level 7 in Slings
 86372 | Elf:3    | You pick up a book of Decay and begin reading...
 86388 | Elf:3    | Identified the +2 pair of boots of Starshine {rElec}
 86407 | Elf:3    | You pick up a book of Hexes and begin reading...
 86407 | Elf:3    | You add the spells Inner Flame and Cause Fear to your
                  | library.
 86419 | Elf:3    | You pick up a book of Party Tricks and begin reading...
 86441 | Elf:3    | You pick up a book of Stone and begin reading...
 86584 | Elf:3    | You are cast into the Abyss!
 86584 | Elf:3    | Cast into level 2 of the Abyss (a deep elf demonologist)
 86584 | Abyss:2  | Found a corrupted altar of Lugonu.
 86589 | Abyss:2  | You pick up a book of Stone and begin reading...
 86713 | Elf:3    | You pass through the gate.
 86713 | Elf:3    | Escaped the Abyss
 86874 | Elf:3    | Reached skill level 8 in Slings
 87052 | Elf:2    | Bought a potion of haste for 170 gold pieces
 87052 | Elf:2    | Bought a potion of heal wounds for 85 gold pieces
 87052 | Elf:2    | Bought a potion of heal wounds for 85 gold pieces
 87478 | Crypt:1  | Entered Level 1 of the Crypt
 88103 | Crypt:1  | Reached skill level 9 in Slings
 88526 | Crypt:1  | Reached skill level 17 in Dodging
 89137 | Crypt:2  | Noticed Saint Roka
 89781 | Crypt:1  | Reached skill level 20 in Polearms
 90401 | Crypt:1  | Killed Saint Roka
 90402 | Crypt:1  | Reached skill level 10 in Slings
 91136 | Crypt:2  | You pick up a book of Storms and begin reading...
 91136 | Crypt:2  | You add the spells Airstrike and Summon Lightning Spire to
                  | your library.
 91260 | Crypt:3  | Entered Level 3 of the Crypt
 91358 | Crypt:3  | Noticed Xtahua
 91396 | Crypt:3  | Killed Xtahua
 91397 | Crypt:3  | Reached XP level 27. HP: 170/176 MP: 38/38
 91683 | Crypt:3  | Noticed Mara
 91931 | Crypt:3  | Lost mutation: Your muscles are strong. (Str +2) [potion of
                  | mutation]
 91931 | Crypt:3  | Lost mutation: You are clumsy. (Dex -2) [potion of
                  | mutation]
 91931 | Crypt:3  | Lost mutation: You possess an exceptional clarity of mind.
                  | [potion of mutation]
 92016 | Crypt:3  | Noticed a curse skull
 92024 | Crypt:3  | Killed a curse skull
 92025 | Crypt:3  | Reached skill level 11 in Slings
 92283 | Crypt:3  | You pick up a book of Misfortune and begin reading...
 92283 | Crypt:3  | You add the spells Slow, Confusing Touch and Yara's Violent
                  | Unravelling to your library.
 92412 | Crypt:3  | Reached skill level 19 in Fighting
 92489 | Crypt:3  | Identified the ring "Xiummux" {rC+ rN+ Will+ Str+3}
 92745 | Crypt:3  | Lost mutation: You have a pair of small horns on your head.
                  | [potion of mutation]
 92745 | Crypt:3  | Lost mutation: You do not regenerate when monsters are
                  | visible. [potion of mutation]
 92745 | Crypt:3  | Gained mutation: Your natural rate of healing is unusually
                  | fast. [potion of mutation]
 92745 | Crypt:3  | Gained mutation: Your flesh is heat resistant. (rF+)
                  | [potion of mutation]
 92815 | Crypt:3  | Paralysed by something for 2 turns
 92837 | Crypt:3  | HP: 21/176 [something (34)]
 92839 | Crypt:3  | Paralysed by something for 3 turns
 92840 | Crypt:3  | Mangled by a vampire knight

Vanquished Creatures
  An ancient lich (Depths:3)
  A juggernaut (Depths:4)
  Bai Suzhen (Elf:3)
  Xtahua (Crypt:3)
  Saint Roka (Crypt:1)
  A caustic shrike (Depths:4)
  A golden dragon (Depths:3)
  A Hell Sentinel (Depths:4)
  Rupert (D:12)
  6 liches
  A tentacled monstrosity (Swamp:1)
  3 titans
  19 acid blobs
  4 deep elf blademasters
  2 deep elf master archers (Elf:3)
  4 sphinxes
  3 thorn hunters
  2 tentacled starspawn
  2 revenants
  4 tengu reavers
  10 azure jellies
  3 storm dragons
  Donald (Swamp:4)
  8 fire giants
  6 deep elf sorcerers
  18 rockslimes
  5 ghost moths
  9 frost giants
  A balrug (Depths:4)
  9 vault wardens
  An iron dragon (Depths:4)
  4 spectral caustic shrikes (Depths:3)
  Louise (Elf:1)
  An orc warlord (Vaults:2)
  3 emperor scorpions
  5 deep elf elementalists
  11 ghouls
  A curse skull (Crypt:3)
  4 spriggan defenders
  A draconian annihilator (Depths:5)
  22 quicksilver oozes
  13 ironbound preservers
  9 very ugly things
  A juggernaut skeleton (Crypt:1)
  9 stone giants
  8 vampire knights
  2 black draconians (Depths:5)
  2 purple draconians (Depths:5)
  5 deep elf demonologists
  3 entropy weavers
  4 bunyips
  5 deep elf annihilators
  A red draconian (Depths:5)
  Azrael (Elf:1)
  A white draconian (Depths:5)
  A dire elephant (Vaults:4)
  10 spark wasps
  3 lorocyprocas
  Josephine (D:12)
  4 eidola (Crypt:1)
  4 deep elf death magi (Elf:3)
  5 jiangshi
  7 ettins
  A deep elf high priest (Elf:3)
  2 eleionomae (Swamp:3)
  8 yaktaur captains
  5 fire dragons
  13 great orbs of eyes
  2 quicksilver dragon skeletons (Crypt:2)
  A shambling mangrove (Swamp:3)
  10 ironbound thunderhulks
  2 spriggan air magi (Depths:2)
  Fannar (D:11)
  21 hydras
  3 ice dragons
  4 rakshasas
  3 boulder beetles
  3 vault guards
  7 ironbound frosthearts
  An ogre mage (Orc:2)
  3 ghost crabs
  17 centaur warriors
  A catoblepas (shapeshifter) (Depths:4)
  Erica (Lair:2)
  5 death knights
  7 hell hogs
  24 dancing weapons
  6 ironbound beastmasters
  10 alligators
  2 deep troll shamans
  2 deep troll earth magi
  A death yak (Lair:5)
  8 two-headed ogres
  4 tengu warriors
  2 orc high priests (Orc:2)
  A titan zombie (Crypt:1)
  Urug (Lair:5)
  6 hell knights
  11 vampire magi
  6 thrashing horrors
  2 titan skeletons
  4 spriggan berserkers
  3 soul eaters
  2 sun demons
  Sonja (Lair:5)
  9 deep elf knights
  10 skeletal warriors
  A wretched star (Abyss:3)
  A sixfirhy (Abyss:2)
  2 shadow wraiths (Crypt:3)
  3 iron trolls (Depths:4)
  A storm dragon skeleton (Crypt:2)
  2 goliath frogs
  7 flayed ghosts
  3 spriggan druids
  43 deep trolls
  A quicksilver dragon simulacrum (Crypt:3)
  10 swamp dragons
  12 ironbound convokers
  An orange crystal statue (Vaults:2)
  A gelid demonspawn (Depths:4)
  6 bog bodies
  2 glowing orange brains
  13 wizards
  8 deep elf archers
  4 necromancers
  12 phantasmal warriors
  8 orc knights
  9 harpies
  6 lindwurms
  3 large abominations
  18 deep elf zephyrmancers
  29 deep elf pyromancers
  A shadow dragon zombie (Crypt:3)
  A shadow dragon skeleton (Crypt:1)
  A sphinx zombie (Crypt:2)
  6 shining eyes
  17 orb spiders
  A wolf spider (shapeshifter) (Depths:2)
  A stone giant zombie (Crypt:1)
  2 orc sorcerers (Orc:2)
  2 moths of wrath
  2 worldbinders
  40 ugly things
  43 wolf spiders
  3 manticores
  3 will-o-the-wisps
  An elephant (Lair:5)
  An iron dragon skeleton (Abyss:3)
  A manticore (shapeshifter) (D:14)
  5 cyclopes
  Maurice (D:10)
  4 black mambas
  2 apocalypse crabs (Abyss:3)
  2 rust devils (Depths:4)
  A guardian serpent (shapeshifter) (Depths:3)
  An ice statue (D:9)
  2 guardian serpents (Abyss:3)
  8 orange demons
  3 gargoyles
  2 eyes of devastation
  12 vault sentinels
  3 torpor snails
  11 cane toads
  4 smoke demons
  7 freezing wraiths
  A redback zombie (Crypt:2)
  4 rime drakes
  9 komodo dragons
  37 yaktaurs
  3 tengu conjurers
  3 ice devils (Depths:4)
  A tormentor (Abyss:3)
  A hellwing (Depths:4)
  8 demonic crawlers
  An efreet (Abyss:3)
  2 guardian mummies (Crypt:3)
  2 meliai (Lair:5)
  5 red devils
  A harpy zombie (Crypt:3)
  7 tyrant leeches
  7 polar bears
  A slime creature (shapeshifter) (Depths:3)
  33 jumping spiders
  3 bloated husks
  A jumping spider (shapeshifter) (D:14)
  6 trolls
  A polar bear (shapeshifter) (D:13)
  19 hornets
  4 raiju
  81 slime creatures
  A hydra skeleton (Crypt:1)
  6 dream sheep
  18 blink frogs
  A dream sheep (shapeshifter) (Depths:3)
  An ettin skeleton (Crypt:1)
  A centaur simulacrum (D:15)
  116 redbacks
  A water elemental (Elf:2)
  2 air elementals
  7 vampires (Crypt:3)
  23 spriggans
  A spriggan (shapeshifter) (D:13)
  12 wraiths
  2 shadows
  A satyr skeleton (Crypt:3)
  An alligator skeleton (Crypt:3)
  A tarantella (shapeshifter) (Elf:2)
  3 ynoxinuls
  2 basilisks
  47 yaks
  46 tarantellas
  6 wyverns
  A dire elephant simulacrum (Crypt:3)
  6 small abominations
  7 fire bats
  A human (D:14)
  8 fire elementals
  A neqoxec (Abyss:2)
  5 vampire mosquitoes
  4 chaos spawn
  A steam dragon (shapeshifter) (Elf:2)
  3 steam dragons (D:7)
  2 wargs
  3 acid dragons
  10 swamp worms
  24 water moccasins
  6 hell hounds
  21 orc warriors
  A sky beast (D:6)
  A cane toad skeleton (Crypt:2)
  A swamp dragon zombie (Crypt:1)
  A water nymph skeleton (Crypt:3)
  2 ettin simulacra
  A faun skeleton (Crypt:3)
  6 swamp drakes
  6 black bears
  2 necrophages (Crypt:1)
  6 ogres
  4 boggarts (Lair:6)
  A torpor snail zombie (Crypt:1)
  16 wolves
  13 centaurs
  4 phantoms
  A dream sheep skeleton (Crypt:1)
  An elephant skeleton (Crypt:1)
  2 kobold brigands
  2 gnoll sergeants (D:9)
  14 bullfrogs
  6 earth elementals
  8 scorpions
  2 water moccasin zombies
  31 killer bees
  4 electric eels
  7 wights
  3 howler monkeys
  A wolf skeleton (Crypt:3)
  2 hounds
  A jelly (D:8)
  A gnoll shaman (D:5)
  20 orc priests
  Crazy Yiuf (D:5)
  A bullfrog skeleton (D:5)
  3 centaur skeletons
  Natasha (thrice) (D:2)
  Terence (D:2)
  4 iguanas
  29 orc wizards
  2 hell rats (Lair:5)
  A statue (Depths:1)
  2 killer bee zombies
  A deep dwarf zombie (Crypt:2)
  A felid zombie (Crypt:1)
  6 ogre zombies (D:12)
  A hound zombie (Crypt:2)
  A hound skeleton (D:5)
  A howler monkey zombie (D:7)
  20 gnolls
  10 adders
  A white imp (D:7)
  A worm zombie (Crypt:2)
  A lava snake zombie (Crypt:2)
  2 worms
  A dart slug (D:2)
  57 orcs
  11 ball pythons
  A bat skeleton (Crypt:1)
  4 endoplasms
  3 giant cockroaches
  18 goblins
  8 hobgoblins
  6 jackals (D:4)
  A quokka (shapeshifter) (Depths:4)
  4 quokkas
  15 bats
  4 frilled lizards
  2 goblin skeletons (D:12)
  A hobgoblin skeleton (Crypt:3)
  4 hobgoblin zombies
  23 kobolds
  14 orc zombies (D:12)
  11 rats
  3 briar patches
  A lurking horror (Abyss:3)
  2 starspawn tentacles (Abyss:2)
2019 creatures vanquished.

Vanquished Creatures (collateral kills)
  Nikola (Swamp:4)
  A nagaraja (Abyss:3)
  A spectral caustic shrike (Depths:3)
  A quicksilver ooze (Slime:5)
  A swamp dragon (Swamp:4)
5 creatures vanquished.

Vanquished Creatures (others)
  A dread lich (WizLab)
  8 acid blobs (Slime:5)
  2 rockslimes (Slime:5)
  3 azure jellies (Slime:5)
  An emperor scorpion (Spider:1)
  2 quicksilver oozes (Slime:5)
  2 mummy priests (WizLab)
  2 great orbs of eyes (Slime:5)
  A vampire mage (Depths:2)
  A deep troll earth mage (Depths:4)
  2 deep elf knights
  A titan zombie (WizLab)
  A golden dragon zombie (WizLab)
  A spriggan druid (Swamp:1)
  A glowing orange brain (Slime:5)
  A sphinx zombie (WizLab)
  A deep elf pyromancer (Elf:3)
  A wizard (Vaults:2)
  A stone giant zombie (WizLab)
  A demonspawn zombie (WizLab)
  A frost giant zombie (WizLab)
  An unseen horror (D:12)
  2 guardian mummies (WizLab)
  An ettin zombie (WizLab)
  A jumping spider (Spider:1)
  2 slime creatures (Slime:5)
  A deep troll zombie (WizLab)
  4 fire dragon zombies (WizLab)
  A redback (Spider:4)
  3 golden eyes (Abyss:3)
  An ogre zombie (WizLab)
  2 swamp worms (Swamp:4)
  A swamp drake (Swamp:1)
  An ice dragon simulacrum (Abyss:3)
  An orc wizard (Crypt:2)
  An orc (Crypt:2)
  A kobold (D:9)
  3 briar patches
  8 foxfires (Swamp:1)
  60 fungi
  56 plants
  25 starspawn tentacles
  5 withered plants
216 creatures vanquished.

Grand Total: 2240 creatures vanquished

Table legend:
 A = Non-vault XP
 B = Vault XP
 C = Vault XP percentage of total XP
 D = Non-vault monster count
 E = Vault monster count
 F = Vault count percentage of total count
                 A         B        C        D         E       F
            +---------+---------+-------+---------+---------+-------
      Total |  677631 |  573545 |  45.8 |    1396 |     817 |  36.9
            +---------+---------+-------+---------+---------+-------
        D:1 |      32 |      17 |  34.7 |      19 |      12 |  38.7
        D:2 |     131 |      73 |  35.8 |      31 |       3 |   8.8
        D:3 |     160 |       0 |   0.0 |      25 |       0 |   0.0
        D:4 |     445 |       0 |   0.0 |      27 |       0 |   0.0
        D:5 |    1118 |      39 |   3.4 |      30 |       1 |   3.2
        D:6 |     933 |       0 |   0.0 |      13 |       0 |   0.0
        D:7 |     979 |     377 |  27.8 |      17 |       2 |  10.5
        D:8 |    1153 |     724 |  38.6 |       4 |       6 |  60.0
        D:9 |    2710 |    2260 |  45.5 |      41 |       7 |  14.6
       D:10 |    2640 |     485 |  15.5 |      17 |       1 |   5.6
       D:11 |    1845 |     991 |  34.9 |      15 |       1 |   6.2
       D:12 |    8151 |    5091 |  38.4 |      24 |      34 |  58.6
       D:13 |    6341 |       0 |   0.0 |      12 |       0 |   0.0
       D:14 |   20504 |    8712 |  29.8 |      41 |      10 |  19.6
       D:15 |   12652 |    7950 |  38.6 |      21 |      15 |  41.7
     Lair:1 |    3442 |     450 |  11.6 |      10 |       4 |  28.6
     Lair:2 |    6460 |    3112 |  32.5 |      23 |       6 |  20.7
     Lair:3 |    3344 |    1017 |  23.3 |      11 |       3 |  21.4
     Lair:4 |    5913 |    1344 |  18.5 |      27 |       1 |   3.6
     Lair:5 |    5894 |   11451 |  66.0 |      19 |      54 |  74.0
     Lair:6 |   12677 |    8834 |  41.1 |      42 |      46 |  52.3
    Swamp:1 |   15755 |       0 |   0.0 |      26 |       0 |   0.0
    Swamp:2 |   14459 |       0 |   0.0 |      24 |       0 |   0.0
    Swamp:3 |   19601 |       0 |   0.0 |      28 |       0 |   0.0
    Swamp:4 |    7740 |   19837 |  71.9 |      17 |      25 |  59.5
   Spider:1 |   23838 |   20777 |  46.6 |      78 |      42 |  35.0
   Spider:2 |   13754 |    2008 |  12.7 |      33 |       7 |  17.5
   Spider:3 |   23132 |       0 |   0.0 |      71 |       0 |   0.0
   Spider:4 |    9785 |   28161 |  74.2 |      33 |      61 |  64.9
    Slime:1 |    6189 |    1039 |  14.4 |      18 |       4 |  18.2
    Slime:2 |   14513 |       0 |   0.0 |      14 |       0 |   0.0
    Slime:3 |   10690 |       0 |   0.0 |      22 |       0 |   0.0
    Slime:4 |   12189 |       0 |   0.0 |      25 |       0 |   0.0
    Slime:5 |   13533 |   19212 |  58.7 |      18 |      11 |  37.9
      Orc:1 |    3802 |    2842 |  42.8 |      18 |       3 |  14.3
      Orc:2 |    3937 |   11210 |  74.0 |      16 |      68 |  81.0
      Elf:1 |    9404 |   16607 |  63.8 |      15 |      30 |  66.7
      Elf:2 |   16194 |   20935 |  56.4 |      28 |      25 |  47.2
      Elf:3 |   16068 |   47778 |  74.8 |      28 |      29 |  50.9
   Vaults:1 |   30390 |    9982 |  24.7 |      37 |      14 |  27.5
   Vaults:2 |   10854 |   21043 |  66.0 |      18 |      29 |  61.7
   Vaults:3 |   33346 |   36416 |  52.2 |      38 |      46 |  54.8
   Vaults:4 |   27462 |   27350 |  49.9 |      37 |      29 |  43.9
    Crypt:1 |   50300 |    5716 |  10.2 |      63 |      14 |  18.2
    Crypt:2 |   20804 |    4190 |  16.8 |      27 |       5 |  15.6
    Crypt:3 |   21282 |   21224 |  49.9 |      30 |      24 |  44.4
   Depths:1 |   25192 |    1172 |   4.4 |      25 |       3 |  10.7
   Depths:2 |   27223 |   33009 |  54.8 |      28 |      26 |  48.1
   Depths:3 |   32115 |   55793 |  63.5 |      27 |      30 |  52.6
   Depths:4 |   38216 |   77541 |  67.0 |      38 |      52 |  57.8
   Depths:5 |    8857 |   23257 |  72.4 |       6 |      15 |  71.4
    Abyss:2 |   10254 |       0 |   0.0 |      22 |       0 |   0.0
    Abyss:3 |    9229 |   10426 |  53.0 |      19 |      13 |  40.6
    Volcano |       0 |    2453 | 100.0 |       0 |       5 | 100.0
     WizLab |       0 |     640 | 100.0 |       0 |       1 | 100.0
            +---------+---------+-------+---------+---------+-------

Illustrated notes

Table legend:
 A = Kills in this place as a percentage of kills in entire the game.
 B = Kills by you in this place as a percentage of kills by you in the entire game.
 C = Kills by friends in this place as a percentage of kills by friends in the entire game.
 D = Other kills in this place as a percentage of other kills in the entire game.
 E = Experience gained in this place as a percentage of experience gained in the entire game.
 F = Experience gained in this place divided by the number of levels of this place that you have seen.
                   A       B       C       D       E      F
               +-------+-------+-------+-------+-------+----------------------
         Total | 100.0 | 100.0 | 100.0 | 100.0 | 100.0 | 20852.9
       Dungeon |  19.4 |  20.8 |   0.0 |   8.2 |   6.9 | 5767.5
          Lair |  11.1 |  11.1 |   0.0 |  11.1 |   5.1 | 10656.3
         Swamp |   5.4 |   5.4 |  50.0 |   4.5 |   6.2 | 19348.0
   Spider Nest |  14.7 |  14.7 |   0.0 |  14.8 |   9.7 | 30363.8
    Slime Pits |   5.1 |   5.0 |   0.0 |   5.3 |   6.2 | 15473.0
  Orcish Mines |   4.7 |   4.9 |   0.0 |   3.7 |   1.7 | 10895.5
   Elven Halls |   7.0 |   7.1 |   0.0 |   6.2 |  10.1 | 42328.7
        Vaults |  11.2 |  11.2 |   0.0 |  11.5 |  15.7 | 49210.8
         Crypt |   7.4 |   7.1 |   0.0 |   9.9 |   9.9 | 41172.0
        Depths |  11.3 |   9.9 |  25.0 |  22.2 |  25.8 | 64475.0
         Abyss |   2.4 |   2.4 |  25.0 |   2.1 |   2.4 | 4272.7
       Volcano |   0.2 |   0.3 |   0.0 |   0.0 |   0.2 | 2453.0
        Wizlab |   0.0 |   0.0 |   0.0 |   0.4 |   0.1 | 640.0
               +-------+-------+-------+-------+-------+----------------------

Table legend: (Time is in decaauts)
 A = Elapsed time spent in this place.
 B = Non-inter-level travel time spent in this place.
 C = Inter-level travel time spent in this place.
 D = Time resting spent in this place.
 E = Time spent auto-exploring this place.
 F = Levels seen in this place.
 G = Mean time per level.
                   A        B        C        D        E       F      G
               +--------+--------+--------+--------+--------+-----+--------+
         Total |  85845 |  80106 |   5739 |  22969 |  40867 |  60 | 1430.8 |
       Dungeon |  23056 |  20462 |   2594 |   3335 |  14066 |  15 | 1537.1 |
          Lair |   9327 |   8577 |    750 |   1434 |   5902 |   6 | 1554.5 |
         Swamp |   3486 |   3391 |     95 |    631 |   2107 |   4 |  871.5 |
   Spider Nest |   7182 |   6798 |    384 |   1524 |   3648 |   4 | 1795.5 |
    Slime Pits |   6991 |   6949 |     42 |   5167 |    186 |   5 | 1398.2 |
  Orcish Mines |   2750 |   2383 |    367 |    518 |   1264 |   2 | 1375.0 |
   Elven Halls |   4360 |   4003 |    357 |    552 |   2212 |   3 | 1453.3 |
        Vaults |   8844 |   8225 |    619 |   1824 |   4827 |   4 | 2211.0 |
         Crypt |   4958 |   4905 |     53 |   2396 |   1513 |   3 | 1652.7 |
        Depths |  12533 |  12059 |    474 |   5084 |   4943 |   5 | 2506.6 |
         Abyss |   1381 |   1381 |      0 |    276 |      8 |   7 |  197.3 |
       Volcano |    472 |    472 |      0 |    224 |    114 |   1 |  472.0 |
        Wizlab |    500 |    500 |      0 |      0 |     72 |   1 |  500.0 |
               +--------+--------+--------+--------+--------+-----+--------+

Top non-repeatable levels by time:
 Slime:4: 3962 daAuts
Depths:3: 3689 daAuts
Depths:4: 3684 daAuts
Vaults:3: 3335 daAuts
     D:9: 3113 daAuts
 Crypt:1: 2746 daAuts
Spider:4: 2612 daAuts
Spider:1: 2457 daAuts
Depths:2: 2282 daAuts
Vaults:1: 2123 daAuts
  Lair:5: 2106 daAuts
Depths:1: 2103 daAuts
    D:12: 2063 daAuts
    D:14: 1882 daAuts
Vaults:2: 1863 daAuts
